General information
- name: BNet
- type: Ladder 1vs1/FFA
- host: Battle.net
- saver: R.O.B.
map: TidewaterGlades
- players: 2
- length: 26:53
- speed: Fast
- version: 1.26 W3XP
- replay type: Public
» download(69 KB)
Players
team 1 (loser)

»
Hammertest (
teal | 20 APM | 533 actions | 26:51)
3 Death Knight
2 Death Coil
1 Unholy Aura
3 Lich
2 Frost Nova
1 Frost Armor
» actions
| Assign group hotkey | 17 | |
| Basic commands | 6 | |
| Build / train | 64 | |
| Enter build submenu | 17 | |
| Enter hero's abilities submenu | 6 | |
| Give item / drop item | 1 | |
| Right click | 132 | |
| Select / deselect | 153 | |
| Select group hotkey | 93 | |
| Use ability | 44 | |
533 total
» units
| Acolyte | 10 | |
| Ghoul | 4 | |
| Crypt Fiend | 5 | |
| Obsidian Statue | 3 | |
| Furbolg Shaman | 1 | |
| Frost Wyrm | 1 | |
| Necromancer | 5 | |
| Gargoyle | 7 | |
| Meatwagon | 3 | |
39 total
» upgrades
| Creature Attack | 2 | |
| Creature Carapace | 2 | |
| Web | 1 | |
| Freezing Breath | 1 | |
| Necromancer Training | 2 | |
| Skeletal Longevity | 1 | |
| Skeletal Mastery | 1 | |
| Exhume Corpses | 1 | |
11 total
» buildings
| Ziggurat | 7 | |
| Graveyard | 1 | |
| Crypt | 1 | |
| Altar of Darkness | 1 | |
| Nerubian Tower | 1 | |
| Spirit Tower | 2 | |
| Halls of the Dead | 1 | |
| Tomb of Relics | 1 | |
| Slaughterhouse | 1 | |
| Black Citadel | 1 | |
| Sacrificial Pit | 1 | |
| Boneyard | 1 | |
| Temple of the Damned | 1 | |
20 total
» build order
00:24 Ziggurat
00:56 Graveyard
01:05 Crypt
01:11 Altar of Darkness
01:32 Ziggurat
01:47 Ziggurat
01:49 Nerubian Tower
02:27 Spirit Tower
04:38 Halls of the Dead
05:20 Ziggurat
06:36 Tomb of Relics
07:22 Slaughterhouse
07:27 Black Citadel
08:34 Sacrificial Pit
11:32 Ziggurat
11:39 Boneyard
12:50 Spirit Tower
12:58 Temple of the Damned
18:45 Ziggurat
21:10 Ziggurat
» items
team 2 (winner)
R.O.B. (
orange | 62 APM | 1657 actions | 26:53)
6 Archmage
2 Blizzard
3 Brilliance Aura
1 Mass Teleport
5 Blood Mage
3 Flame Strike
2 Siphon Mana
» actions
| Assign group hotkey | 50 | |
| Basic commands | 73 | |
| Build / train | 105 | |
| ESC pressed | 1 | |
| Enter build submenu | 38 | |
| Enter hero's abilities submenu | 11 | |
| Give item / drop item | 17 | |
| Right click | 592 | |
| Select / deselect | 338 | |
| Select group hotkey | 241 | |
| Use ability | 190 | |
1657 total
» units
| Peasant | 12 | |
| Goblin Shredder | 2 | |
| Dragonhawk Rider | 6 | |
| Goblin Zeppelin | 2 | |
| Gryphon Rider | 2 | |
| Priest | 2 | |
26 total
» upgrades
| Masonry | 3 | |
| Swords | 3 | |
| Armor | 3 | |
| Magic Sentry | 1 | |
| Sorceress Training | 2 | |
| Cloud | 1 | |
| Storm Hammers | 1 | |
| Animal War Training | 1 | |
| Plating | 2 | |
| Gunpowder | 2 | |
| Priest Training | 2 | |
21 total
» buildings
| Altar of Kings | 1 | |
| Farm | 5 | |
| Arcane Vault | 2 | |
| Lumber Mill | 1 | |
| Scout Tower | 24 | |
| Arcane Tower | 5 | |
| Keep | 3 | |
| Guard Tower | 7 | |
| Town Hall | 2 | |
| Gryphon Aviary | 4 | |
| Arcane Sanctum | 1 | |
| Castle | 1 | |
| Blacksmith | 2 | |
| Barracks | 1 | |
| Workshop | 1 | |
60 total
» build order
00:06 Altar of Kings
00:28 Farm
00:29 Farm
00:55 Arcane Vault
01:15 Lumber Mill
01:39 Scout Tower
02:02 Farm
02:21 Farm
02:43 Arcane Tower
02:46 Scout Tower
03:06 Keep
03:07 Keep
03:20 Guard Tower
03:22 Scout Tower
03:24 Scout Tower
03:29 Scout Tower
03:54 Guard Tower
04:09 Guard Tower
04:13 Scout Tower
04:49 Guard Tower
07:46 Town Hall
07:50 Scout Tower
07:51 Scout Tower
07:52 Scout Tower
07:53 Scout Tower
07:54 Scout Tower
07:54 Scout Tower
07:56 Scout Tower
07:57 Scout Tower
08:58 Guard Tower
09:04 Guard Tower
09:09 Arcane Tower
09:53 Arcane Vault
10:04 Gryphon Aviary
10:04 Gryphon Aviary
10:49 Gryphon Aviary
10:50 Gryphon Aviary
11:53 Farm
12:25 Arcane Sanctum
12:27 Castle
12:29 Blacksmith
12:33 Blacksmith
14:14 Barracks
21:20 Town Hall
22:25 Scout Tower
22:26 Scout Tower
22:27 Scout Tower
22:28 Scout Tower
22:28 Scout Tower
22:29 Scout Tower
22:30 Scout Tower
22:31 Scout Tower
23:33 Arcane Tower
23:33 Arcane Tower
23:33 Guard Tower
24:05 Workshop
25:05 Scout Tower
25:06 Scout Tower
25:42 Arcane Tower
» items
| Scroll of Regeneration | 7 | |
| Lesser Clarity Potion | 4 | |
| Mechanical Critter | 2 | |
| Boots of Speed | 2 | |
| Staff of Teleportation | 2 | |
| Potion of Healing | 5 | |
| Potion of Invisibility | 2 | |
| Periapt of Vitality | 1 | |
| Potion of Lesser Invulnerability | 1 | |
| Scroll of Town Portal | 2 | |
| Staff of Sanctuary | 1 | |
29 total
Chat log
(00:10 / All) R.O.B.: wow
(00:14 / All) R.O.B.: are you THE hammertest?
(00:31 / All) Hammertest: what you mine
(00:36 / All) R.O.B.: the famous guy
(00:49 / All) R.O.B.: who sits in front of his computer for thousands of hours and never gets good?
(01:23 / All) R.O.B.: youre like a legend
(01:25 / All) Hammertest: yes and of europe two
(01:34 / All) R.O.B.: for having so many games and being so bad
(01:49 / All) R.O.B.: what an honor...
(04:04 / All) R.O.B.: i feel like someone whos been studying retarded pygmies all my life
(04:07 / All) R.O.B.: and i finally got to meet one
(06:10 / All) R.O.B.: wow youre as bad as the legends say
(06:41 / All) R.O.B.: 10 minutes no tech no expansion
(06:54 / All) R.O.B.: you truly are the worlds worst player :)
(08:31 / All) R.O.B.: cookie cutter dk lich fiends
(08:34 / All) R.O.B.: and no map control
(08:37 / All) R.O.B.: amazing
(08:51 / All) Hammertest: no tools on start
(08:55 / All) R.O.B.: lol
(09:05 / All) R.O.B.: if its the only way you can win
(09:22 / All) Hammertest: i have no tools
(09:36 / All) R.O.B.: that explains terribleness?
(09:45 / All) R.O.B.: if you have to assume youre the only one to play fair
(09:47 / All) R.O.B.: you must be bad
(09:57 / All) R.O.B.: and i mean REALLY bad
(11:03 / All) R.O.B.: apgwkwpoagpkwakgopwkpawgkpokagwkpo
(11:36 / All) R.O.B.: im glad this lag will give me a challenge
(11:40 / All) R.O.B.: something needs to...
(15:18 / All) R.O.B.: aww
(15:27 / All) R.O.B.: you actually pay attention and still strategize that bad?
(18:08 / All) R.O.B.: lets see if he has the skill to split his forces
(18:11 / All) R.O.B.: after 10,000 games
(18:16 / All) R.O.B.: can he control 2 groups
(18:29 / All) R.O.B.: looks like
(18:30 / All) R.O.B.: NO!
(18:31 / All) R.O.B.: lol
(20:55 / All) R.O.B.: so how often do you ragequit?
(21:12 / All) R.O.B.: every game?
(21:51 / All) Hammertest: sorry from germany, talk in englisch great problem
(22:00 / All) R.O.B.: why is playing warcraft great problem?
(22:16 / All) R.O.B.: you are not new
(22:20 / All) R.O.B.: why so bad?
(22:22 / All) Hammertest: not the game, to talk is the problem
(22:34 / All) R.O.B.: but youre bad at the game
(22:41 / All) R.O.B.: very bad
(23:14 / All) R.O.B.: ive never seen anyone this bad
(23:40 / All) R.O.B.: did your mom feed you paint chips?
(24:48 / All) R.O.B.: REALLY
(24:53 / All) R.O.B.: your idea is to necrowagon
(24:56 / All) R.O.B.: with no gold?
(25:17 / All) R.O.B.: well thanks for the experience
(26:32 / All) R.O.B.: your guy died.
(26:35 / All) R.O.B.: leave noob?
(26:45 / All) R.O.B.: attack move and leave